 Dungeon Crawl Stone Soup version 0.25-a0-1133-g93ebf739aa (webtiles) character file.

Game seed: 15853392616536563178, levelgen mode: deterministic

712909 EWolf27 the Conqueror (level 27, -24/273 HPs)
             Began as a Minotaur Berserker on May 17, 2020.
             Was a High Priest of Trog.
             Blown up by an ancient lich (51 damage)
             ... with a wavering orb of destruction
             ... on level 5 of the Realm of Zot on May 22, 2020.
             The game lasted 12:56:17 (104753 turns).

EWolf27 the Conqueror (Minotaur Berserker)        Turns: 104753, Time: 12:56:18

Health: -24/273    AC: 35    Str: 41    XL:     27
Magic:  9/9        EV: 10    Int:  6    God:    Trog [*****.]
Gold:   6121       SH:  0    Dex: 12    Spells: 26/26 levels left

rFire    + + .     SeeInvis +   a - +5 demon whip "Spellbinder" {antimagic, MR+}
rCold    + + +     Gourm    .   x - +5 kite shield {rC+ rF+}
rNeg     + + .     Faith    .   j - +8 chain mail "Sapnio" {MR+ Regen+}
rPois    +         Spirit   .   (helmet restricted)
rElec    +         Reflect  .   N - +0 cloak of the Tundras {rC+ rCorr Int-3 SInv}
rCorr    +         Harm     .   T - +1 pair of gloves of Enelona {Int+2}
MR       ++++.                  Y - +2 pair of boots {run}
Stlth    ..........             O - amulet "Neuttut" {Acrobat rPois rF+ rN+}
HPRegen  1.35/turn              L - ring "Inuedot" {rElec rPois rF- Str+9 Stlth+}
MPRegen  0.11/turn              H - ring of positive energy

@: resistant, marked, held, studying Throwing, lightly drained, quick
A: retaliatory headbutt, horns 2, large bone plates 1, low mp 1, regeneration 1,
screaming 1, strong 1
}: 3/15 runes: serpentine, barnacled, silver
a: Berserk, Trog's Hand, Brothers in Arms, Renounce Religion


You were on level 5 of the Realm of Zot.
You worshipped Trog.
Trog was extremely pleased with you.
You were not hungry.

You visited 11 branches of the dungeon, and saw 53 of its levels.
You visited 1 bazaar.
You also visited: Sewer, Ossuary, Ice Cave and Wizlab.

You collected 10237 gold pieces.
You spent 4116 gold pieces at shops.

Inventory:

Hand Weapons
 a - the +5 demon whip "Spellbinder" (weapon) {antimagic, MR+}
   (You found it on level 5 of the Vaults)

   It reduces the magical energy of the wielder, and disrupts the spells and
   magical abilities of those hit.
   Natural abilities and divine invocations are not affected.
   It affects your resistance to hostile enchantments.
 b - the +2 fustibalus of Revolt {venom, rPois rF+ Int+5}
   (You found it on level 1 of the Depths)

   It poisons the ammo it fires.
   It affects your intelligence (+5).
   It protects you from fire.
   It protects you from poison.
 d - a +9 vorpal eveningstar
Missiles
 e - 11 silver javelins
 f - 321 sling bullets
Armour
 j - the +8 chain mail "Sapnio" (worn) {MR+ Regen+}
   (You found it on level 6 of the Lair of Beasts)

   It affects your resistance to hostile enchantments.
   It increases your rate of regeneration.
 v - a scarf of resistance
 x - a +5 kite shield of resistance (worn)
 N - the +0 cloak of the Tundras (worn) {rC+ rCorr Int-3 SInv}
   (You found it on level 13 of the Dungeon)

   It affects your intelligence (-3).
   It protects you from cold.
   It lets you see invisible.
   It provides partial protection from all sources of acid and corrosion.
 T - the +1 pair of gloves of Enelona (worn) {Int+2}
   (You found it on level 5 of the Lair of Beasts)

   It affects your intelligence (+2).
 Y - a +2 pair of boots of running (worn)
Jewellery
 h - an uncursed ring of protection from fire
 s - an uncursed amulet of reflection
 H - a ring of positive energy (right hand)
 L - the ring "Inuedot" (left hand) {rElec rPois rF- Str+9 Stlth+}
   (You found it on level 6 of the Lair of Beasts)

   [ring of poison resistance]

   It affects your strength (+9).
   It makes you vulnerable to fire.
   It insulates you from electricity.
   It protects you from poison.
   It makes you more stealthy.
 M - an uncursed ring of protection from magic
 O - the amulet "Neuttut" (around neck) {Acrobat rPois rF+ rN+}
   (You acquired it on level 2 of the Realm of Zot)

   [amulet of the acrobat]

   It helps you evade while moving and waiting.
   It protects you from fire.
   It protects you from poison.
   It protects you from negative energy.
Wands
 l - a wand of acid (26)
 n - a wand of paralysis (35)
 q - a wand of digging (1)
 y - a wand of flame (152)
 J - a wand of iceblast (96)
 K - a wand of disintegration (30)
Scrolls
 g - a scroll of silence
 i - 4 scrolls of identify
 k - 3 scrolls of blinking
 p - 3 scrolls of summoning
 t - 34 scrolls of remove curse
 w - 30 scrolls of teleportation
 z - 18 scrolls of fear
 D - 14 scrolls of fog
 P - a scroll of holy word
 S - 2 scrolls of enchant weapon
 U - a scroll of enchant armour
Potions
 m - 12 potions of flight
 o - 21 potions of curing
 r - 6 potions of mutation
 u - 4 potions of haste
 A - a potion of resistance
 B - 6 potions of lignification
 C - 12 potions of cancellation
 E - 7 potions of might
 I - 6 potions of ambrosia
 Q - 4 potions of invisibility
Books
 W - a manual of Throwing
Miscellaneous
 V - a tin of tremorstones (3/3)
Comestibles
 c - 39 rations


   Skills:
 O Level 27(26.6) Fighting
 O Level 27(26.6) Maces & Flails
 - Level 17.1(18.5) Slings
 - Level 12.8(15.7) Throwing
 O Level 27(26.6) Armour
 + Level 15.9(15.6) Dodging
 + Level 21.3(21.0) Shields
 - Level 14.0(13.7) Evocations


You had 26 spell levels left.
You didn't know any spells.
Your spell library was empty.

Dungeon Overview and Level Annotations

Branches:
Dungeon (15/15)            Temple (1/1) D:5            Lair (6/6) D:8
 Shoals (4/4) Lair:3        Snake (4/4) Lair:3        Slime (0/5) Lair:6
    Orc (2/2) D:10            Elf (3/3) Orc:2        Vaults (5/5) D:14
  Crypt (3/3) Vaults:2       Tomb (0/3) Crypt:3      Depths (5/5) D:15
    Zot (5/5) Depths:5      Sewer (visited)         Ossuary (visited)
  IceCv (visited)          WizLab (visited)

Altars:
Ashenzari
Cheibriados
Dithmenos
Elyvilon
Fedhas
Gozag
Hepliaklqana
Kikubaaqudgha
Makhleb
Nemelex Xobeh
Okawaru
Qazlal
Ru
Sif Muna
Trog
Uskayaw
Vehumet
Wu Jian
Xom
Yredelemnul
Zin
The Shining One
Beogh
Jiyva

Shops:
D:13 :   Orc:2 %!!%:   Elf:3 %   Shoals:2 }%(!   Shoals:4 *   Snake:4 (*[[
Vaults:1 [[(*?   Vaults:2 (   Vaults:4 =*   Depths:3 ?

Portals:
Hell: Depths:1 Depths:2 Depths:3 Depths:4 Depths:5
Abyss: Depths:1 Depths:2 Depths:3 Depths:4
Pandemonium: Depths:1 Depths:3
Ziggurat: Depths:1

Annotations:
Elf:2 1 runed translucent door
Vaults:3 3 runed translucent doors, Neudybaa's ghost, adept HuFi
Crypt:3 3 runed translucent doors, exclusion: obsidian statue


Innate Abilities, Weirdness & Mutations

You reflexively headbutt those who attack you in melee.
You have a pair of horns on your head.
You are partially covered in large bone plates. (SH +4)
Your magical capacity is low. (-10% MP)
Your natural rate of healing is unusually fast.
You occasionally shout uncontrollably at your foes.
Your muscles are strong. (Str +2)


Message History

The Killer Klown completely misses you. You furiously retaliate!
You headbutt the Killer Klown!
Your skin stops crawling.
You feel less resistant to hostile enchantments.
The ancient lich drops a net on you. A large net falls onto you!
You become entangled in the net!
The Killer Klown karate-kicks you but does no damage.
The ancient lich touches you but does no damage.
You see here a throwing net.
You tear a large gash into the net.
The Ice Fiend calls on the powers of darkness!
The Orb Guardian convulses! x3; The Killer Klown convulses!
The Orb Guardian convulses! x2; The Killer Klown convulses!
The Orb Guardian convulses! x2; Your body is wracked with pain!
* * * LOW HITPOINT WARNING * * *
The Orb Guardian hits you but does no damage.
The Killer Klown blinks!
The ancient lich conjures a glowing orb.
The wavering orb of destruction weakly hits you!!!
You die...

*###############▓▓▓▓####
##..............** #...
*#...............,** ##..
**.........^......,,** #..
*,...................# ##.
#.....^..............# #.
#...............^)...# ##.
#....................# #..
#........X@..........# ##..
#........pLX.X.......###...
*#........X.........###...#
*#......L.........##....##
##^.........^.....(..###
▓▓.X.Lp##▓▓▓▓▓▓▓▓▓▓▓#
▓▓...^.X.§....^.§▓▓▓▓
▓▓$...1.X*.p.........▓##
▓▓......^.........§.....##


You could see 2 Killer Klowns, 3 ancient liches, an Ice Fiend (summoned) and 7
Orb Guardians.

Vanquished Creatures
  3 ancient liches
  Mennas (Depths:5)
  3 orbs of fire
  Sojobo (Vaults:5)
  Boris (Depths:3)
  Bai Suzhen (Crypt:1)
  4 Killer Klowns
  Margery (Crypt:1)
  A caustic shrike (Depths:2)
  Xtahua (Crypt:3)
  14 golden dragons
  An electric golem (Zot:5)
  2 liches
  16 tentacled monstrosities
  10 Orb Guardians (Zot:5)
  Asterion (Elf:3)
  5 deep elf master archers
  4 titans
  6 deep elf blademasters
  6 quicksilver dragons
  4 sphinxes
  Polyphemus (Shoals:2)
  4 krakens
  Frances (Elf:1)
  13 death cobs
  5 ancient champions
  Kirke (D:15)
  8 shadow dragons
  7 tengu reavers
  12 storm dragons
  Ilsuiw (Shoals:2)
  A fire giant (shapeshifter) (Vaults:5)
  7 draconian monks
  9 nagarajas
  Donald (Shoals:3)
  8 fire giants
  Roxanne (D:15)
  18 frost giants
  A revenant (Vaults:2)
  Louise (Snake:2)
  4 orc warlords (Depths:4)
  9 draconian knights
  5 draconian scorchers
  A ghost moth (Zot:3)
  A juggernaut zombie (Crypt:1)
  6 deep elf sorcerers
  19 vault wardens
  3 deep elf elementalists
  17 ironheart preservers
  A curse skull (Crypt:1)
  A spriggan defender (Depths:2)
  5 draconian shifters
  23 very ugly things
  A draconian annihilator (Zot:5)
  29 stone giants
  4 draconian stormcallers
  3 war gargoyles
  3 entropy weavers
  5 green draconians
  6 vampire knights
  13 deep elf demonologists
  14 black draconians
  11 deep elf annihilators
  A dire elephant (Lair:6)
  2 minotaurs (Depths:2)
  7 white draconians
  9 yellow draconians
  16 red draconians
  An orange crystal statue (WizLab)
  5 merfolk javelineers
  6 spark wasps
  18 purple draconians
  The ghost of larifari the Covert, a journeyman SpAs of Ashenzari (Lair:6)
  An eidolon (Crypt:3)
  10 ettins
  13 deep elf death magi
  5 jiangshi
  7 merfolk impalers
  3 green deaths
  13 fire dragons
  4 mummy priests (Crypt:3)
  10 great orbs of eyes
  4 deep elf high priests
  42 vault guards
  3 rakshasas
  23 yaktaur captains
  4 hydras
  The ghost of Ummyemn the Destroyer, a journeyman DrCj of Vehumet (D:12)
  16 centaur warriors
  14 ice dragons
  6 anacondas
  13 naga warriors
  26 two-headed ogres
  6 merfolk aquamancers
  A catoblepas (Lair:6)
  3 death knights
  29 dancing weapons
  15 deep troll earth magi
  The ghost of Vegisi the Arsonist, a novice DsFE of Makhleb (D:10)
  The ghost of Osafy the Fighter, a novice DsWn of Makhleb (D:11)
  13 ogre magi
  A queen ant (shapeshifter) (Vaults:4)
  The ghost of Goronwuk the Cudgeler, a novice DsFi of Cheibriados (D:10)
  The ghost of Goronwuk the Cudgeler, a novice DsFi of Cheibriados (D:10)
  11 deep troll shamans
  9 vampire magi
  6 tengu warriors
  10 death yaks
  3 spriggans (Depths:4)
  14 naga sharpshooters
  An orc high priest (Elf:3)
  4 spriggan berserkers
  Sonja (D:13)
  5 shock serpents
  2 sun demons (Depths:4)
  27 deep elf knights
  6 soul eaters
  4 shadow wraiths
  11 hell knights
  A titan skeleton (Depths:5)
  3 salamander mystics
  27 skeletal warriors
  12 sea snakes
  A deep troll (shapeshifter) (Depths:2)
  The ghost of Etahadwe the Destroyer, a novice DEFE of Sif Muna (D:10)
  3 unseen horrors
  6 iron trolls
  37 deep trolls
  A shadow demon (Depths:4)
  A sea snake (shapeshifter) (D:15)
  21 deep elf archers
  5 glowing orange brains
  A torturous demonspawn (Depths:3)
  10 flayed ghosts
  A small abomination (Depths:5)
  A wizard (Vaults:1)
  2 lindwurms (Lair:6)
  14 naga ritualists
  3 phantasmal warriors
  2 obsidian statues
  17 orc knights
  10 necromancers
  18 ironbrand convokers
  16 harpies
  10 wolf spiders
  7 mana vipers
  16 salamanders
  2 orc sorcerers
  69 deep elf magi
  A fire giant zombie (Vaults:5)
  A salamander (shapeshifter) (Vaults:4)
  2 manticores (shapeshifter)
  5 oklob plants (D:14)
  11 manticores
  36 ugly things
  15 cyclopes
  9 fauns
  21 moths of wrath
  A frost giant skeleton (Vaults:1)
  7 elephants
  46 black mambas
  3 ice statues
  14 merfolk sirens
  A guardian serpent (shapeshifter) (D:15)
  A spriggan zombie (Depths:5)
  2 guardian serpents
  9 water nymphs
  12 naga magi
  A torpor snail (shapeshifter) (Vaults:4)
  A fire giant skeleton (Crypt:2)
  A torpor snail (Lair:6)
  21 vault sentinels
  4 centaur skeletons
  2 orange demons
  11 spiny frogs
  A dire elephant skeleton (Crypt:2)
  A death yak zombie (Crypt:3)
  7 rime drakes
  A rime drake (shapeshifter) (Depths:2)
  2 redback zombies
  A komodo dragon (shapeshifter) (Elf:2)
  3 efreet
  4 freezing wraiths
  10 komodo dragons
  76 yaktaurs
  2 kobold demonologists (D:14)
  5 human zombies
  An ice devil (Depths:1)
  A yaktaur skeleton (Vaults:1)
  8 trolls
  4 tengu conjurers
  A hellwing (Depths:1)
  18 guardian mummies (Crypt:3)
  3 red devils
  2 queen bees
  8 wind drakes
  A jumping spider (Vaults:3)
  A wolf spider simulacrum (D:15)
  27 merfolk
  2 merfolk (shapeshifter)
  Prince Ribbit (D:7)
  A jumping spider (shapeshifter) (D:9)
  5 hornets
  A shadow dragon simulacrum (Vaults:3)
  A hornet (shapeshifter) (Vaults:2)
  18 slime creatures
  4 blink frogs
  A raiju (shapeshifter) (Vaults:4)
  8 hippogriffs
  A tyrant leech (shapeshifter) (Vaults:5)
  6 dream sheep (Lair:6)
  7 snapping turtles
  A stone giant simulacrum (Vaults:1)
  2 bog bodies (Crypt:3)
  A meliai zombie (Crypt:3)
  2 air elementals
  A redback (Vaults:3)
  A satyr skeleton (Crypt:2)
  4 shadows
  4 wyverns
  8 wraiths
  3 vampires
  A wind drake zombie (Crypt:1)
  22 fire elementals
  44 yaks
  25 water elementals
  A tarantella (Vaults:3)
  5 ushabtiu (Crypt:3)
  4 hogs (D:15)
  A neqoxec (Depths:1)
  A ynoxinul (Depths:3)
  2 basilisks
  3 vampire mosquitoes (D:15)
  5 hungry ghosts
  13 wargs
  50 nagas
  Edmund (D:6)
  Menkaure (D:4)
  A water nymph zombie (Crypt:3)
  3 acid dragons
  A warg (shapeshifter) (Depths:2)
  A soldier ant (D:13)
  An ogre zombie (Vaults:1)
  An infernal demonspawn skeleton (Crypt:3)
  3 floating eyes
  26 water moccasins
  2 human skeletons (Vaults:3)
  14 porcupines
  An ogre skeleton (Vaults:1)
  22 ice beasts
  5 black bears
  An ettin simulacrum (Vaults:3)
  55 orc warriors
  7 sky beasts
  A manticore zombie (Crypt:2)
  33 ogres
  2 phantoms (D:6)
  12 wolves
  9 boggarts
  19 centaurs
  A hog zombie (Crypt:3)
  2 eyes of draining
  A dream sheep skeleton (Crypt:1)
  14 crocodiles
  2 big kobolds
  A salamander zombie (Crypt:1)
  A yaktaur zombie (Crypt:1)
  16 bullfrogs
  A wyvern skeleton (D:13)
  6 water moccasin zombies
  6 scorpions
  A water moccasin skeleton (D:10)
  40 killer bees
  7 wights
  3 howler monkeys (D:10)
  12 crimson imps
  5 bullfrog zombies
  6 centaur zombies
  A human simulacrum (Vaults:3)
  4 hounds
  4 jellies
  A yaktaur simulacrum (Vaults:1)
  17 orc priests
  A gnoll shaman (D:7)
  2 iron imps
  An iguana (D:14)
  21 orc wizards
  A porcupine zombie (Crypt:1)
  Natasha (twice) (D:2)
  12 worker ants
  2 killer bee zombies
  A porcupine skeleton (Crypt:1)
  3 big kobold zombies (Ossuary)
  A crocodile skeleton (Crypt:3)
  A tengu skeleton (Crypt:2)
  5 mummies
  3 hound skeletons
  A worker ant zombie (D:6)
  A howler monkey skeleton (D:9)
  16 gnolls
  A steam dragon zombie (Crypt:2)
  2 river rats
  7 shadow imps
  31 adders
  3 white imps (Depths:4)
  4 adder zombies
  2 worms (D:5)
  A dart slug (D:2)
  6 leopard geckos
  103 orcs
  8 giant cockroaches
  5 gnoll zombies (Ossuary)
  10 hobgoblins
  13 jackals
  23 kobolds
  5 quokkas
  8 ball pythons
  8 bats
  6 frilled lizards
  A gnoll skeleton (Crypt:2)
  9 goblins
  3 hobgoblin zombies (Ossuary)
  7 kobold zombies (Ossuary)
  3 orc zombies (Ossuary)
  A quokka skeleton (D:7)
  15 rats
  A fungus (Lair:4)
  5 plants
  12 tentacles
2595 creatures vanquished.

Vanquished Creatures (collateral kills)
  2 juggernauts
  An ancient lich (Depths:3)
  A caustic shrike (Depths:2)
  A lich (Depths:5)
  Jorgrun (D:14)
  2 titans
  A sphinx (Depths:2)
  Agnes (Snake:1)
  A storm dragon (Depths:2)
  A shadow dragon (Depths:5)
  A fire giant (Vaults:3)
  A deep elf sorcerer (Depths:3)
  A frost giant (Vaults:2)
  2 vault wardens
  2 curse skulls
  A reaper (Depths:1)
  A war gargoyle (Vaults:4)
  An ironheart preserver (Vaults:2)
  2 purple draconians
  A spark wasp (Depths:1)
  An ettin (Vaults:5)
  4 deep elf death magi
  An eidolon (Crypt:2)
  A yaktaur captain (Vaults:5)
  A great orb of eyes (Vaults:2)
  A rakshasa (Depths:2)
  2 ice dragons (IceCv)
  A vault guard (Vaults:1)
  A catoblepas (Shoals:2)
  2 spriggan air magi
  A death knight (Vaults:1)
  A merfolk avatar (Shoals:4)
  A centaur warrior (D:11)
  4 ogre magi
  2 dancing weapons (Elf:2)
  A two-headed ogre (D:10)
  A deep troll shaman (Depths:2)
  3 tengu warriors (Depths:2)
  3 vampire magi
  A deep troll earth mage (Vaults:3)
  A small abomination (Elf:3)
  4 deep elf knights
  A golden dragon zombie (Depths:5)
  2 deep trolls
  4 deep elf archers
  A hell knight (Crypt:1)
  A naga ritualist (Snake:3)
  An obsidian statue (Depths:4)
  A phantasmal warrior (Depths:3)
  An ironbrand convoker (Vaults:1)
  A mana viper (Snake:2)
  2 necromancers
  A harpy (Shoals:4)
  11 deep elf magi
  A tengu skeleton (Depths:5)
  A cyclops (D:14)
  A manticore (D:11)
  A sphinx skeleton (Crypt:2)
  3 black mambas (Snake:2)
  A naga mage (Snake:4)
  2 vault sentinels (Vaults:5)
  A queen bee (shapeshifter) (Depths:5)
  2 guardian mummies (Crypt:3)
  A troll (D:10)
  4 merfolk (Shoals:4)
  A wind drake (Shoals:4)
  A moth of wrath zombie (Crypt:2)
  A slime creature (Vaults:2)
  3 wraiths
  A water elemental (Elf:2)
  3 yaks (D:10)
  A shadow (Crypt:2)
  2 nagas (Snake:4)
  A spiny frog zombie (Crypt:2)
  5 ice beasts (D:14)
  A necrophage (D:10)
  6 centaurs (D:11)
  An earth elemental (Elf:1)
  A scorpion (D:10)
  4 killer bees (D:10)
  5 wights (Crypt:2)
  A shadow imp (D:11)
  An orc (Vaults:1)
  A crawling corpse (Depths:5)
148 creatures vanquished.

Vanquished Creatures (others)
  Nikola (Shoals:2)
  A draconian scorcher (Zot:3)
  A deep elf annihilator (Elf:3)
  A vampire mage (Crypt:1)
  2 deep elf knights
  A deep elf mage (Elf:1)
  An ugly thing (D:14)
  A tengu conjurer (Depths:4)
  14 fungi
  21 plants
  46 tentacles
90 creatures vanquished.

Grand Total: 2833 creatures vanquished

Notes
Turn   | Place    | Note
-------+----------+-------------------------------------------
     0 | D:1      | EWolf27 the Minotaur Berserker began the quest for the Orb.
     0 | D:1      | Reached XP level 1. HP: 19/19 MP: 0/0
   455 | D:1      | Reached XP level 2. HP: 27/27 MP: 1/1
  1114 | D:2      | Reached skill level 5 in Maces & Flails
  1114 | D:2      | Reached XP level 3. HP: 17/33 MP: 2/2
  1605 | D:2      | Reached ** piety under Trog
  1616 | D:2      | Noticed Natasha
  1624 | D:2      | Killed Natasha
  1624 | D:2      | Reached XP level 4. HP: 27/40 MP: 3/3
  1667 | D:2      | Noticed Natasha
  1677 | D:2      | Killed Natasha
  2279 | D:2      | Reached XP level 5. HP: 46/46 MP: 4/4
  2895 | D:3      | Reached XP level 6. HP: 52/52 MP: 5/5
  3516 | D:3      | Reached *** piety under Trog
  3905 | D:4      | Noticed Menkaure
  3911 | D:4      | Killed Menkaure
  4140 | D:4      | Found a sand-covered staircase.
  4150 | Ossuary  | Entered an ossuary
  4191 | Ossuary  | Reached XP level 7. HP: 50/59 MP: 6/6
  4298 | Ossuary  | Reached skill level 10 in Maces & Flails
  4660 | D:4      | Found a radiant altar of Vehumet.
  4851 | D:4      | Reached XP level 8. HP: 66/66 MP: 7/7
  5135 | D:5      | Entered Level 5 of the Dungeon
  5265 | D:5      | Found an ancient bone altar of Kikubaaqudgha.
  5359 | D:5      | Reached **** piety under Trog
  5389 | D:5      | Found a staircase to the Ecumenical Temple.
  5541 | D:5      | Found a glowing drain.
  5545 | Sewer    | Entered a sewer
  7090 | Temple   | Entered the Ecumenical Temple
  7855 | D:6      | Reached XP level 9. HP: 60/71 MP: 8/8
  8128 | D:6      | Noticed Edmund
  8141 | D:6      | Killed Edmund
  8180 | D:6      | Upgraded the game from 0.25-a0-1118-g1a081956a1 to
                  | 0.25-a0-1119-g28b6fd0c3b
  8572 | D:6      | Reached skill level 5 in Fighting
  9294 | D:7      | Noticed Prince Ribbit
  9319 | D:7      | Killed Prince Ribbit
  9621 | D:7      | Reached ***** piety under Trog
 10053 | D:7      | Reached XP level 10. HP: 84/84 MP: 9/9
 10630 | D:8      | Reached skill level 15 in Maces & Flails
 11371 | D:8      | Found a staircase to the Lair.
 11479 | D:9      | Noticed an obsidian statue
 12097 | D:9      | Found a white marble altar of Elyvilon.
 12406 | D:9      | Reached skill level 5 in Dodging
 12892 | D:9      | Noticed a two-headed ogre
 12901 | D:9      | Killed a two-headed ogre
 12901 | D:9      | Reached skill level 1 in Evocations
 13175 | D:9      | Noticed a two-headed ogre
 13183 | D:9      | Killed a two-headed ogre
 13183 | D:9      | Reached XP level 11. HP: 76/95 MP: 8/11
 13245 | D:9      | Noticed a two-headed ogre
 13250 | D:9      | Killed a two-headed ogre
 13271 | D:9      | Got a brightly glowing ring mail
 13282 | D:9      | Identified the +5 ring mail of Modesty {rF+} (You found it
                  | on level 9 of the Dungeon)
 13841 | D:9      | Gained mutation: You are frail. (-10% HP) [a neqoxec]
 13884 | D:10     | Entered Level 10 of the Dungeon
 15907 | D:10     | Found a staircase to the Orcish Mines.
 15949 | D:10     | Reached skill level 5 in Armour
 15951 | D:10     | Reached skill level 10 in Fighting
 16011 | D:10     | Found a runed translucent gate.
 16012 | D:10     | Found a runed translucent gate.
 16013 | D:10     | Found a runed translucent gate.
 16013 | D:10     | Noticed Osafy's ghost (novice DsWn)
 16013 | D:10     | Noticed Vegisi's ghost (novice DsFE)
 16014 | D:10     | Noticed Goronwuk's ghost (novice DsFi)
 16014 | D:10     | Noticed Etahadwe's ghost (novice DEFE)
 16015 | D:10     | Noticed Goronwuk's ghost (novice DsFi)
 16525 | D:10     | Received a gift from Trog
 16525 | D:10     | Reached skill level 5 in Evocations
 16742 | D:10     | Noticed a white ugly thing
 16750 | D:10     | Killed a white ugly thing
 17181 | D:11     | Noticed a centaur warrior
 17192 | D:11     | Killed a centaur warrior
 17533 | D:11     | Reached XP level 12. HP: 62/99 MP: 3/15
 18029 | D:11     | Noticed a six-headed hydra
 18084 | D:11     | Killed a six-headed hydra
 19319 | D:12     | Found a bloodstained altar of Trog.
 19410 | D:12     | Reached skill level 1 in Slings
 19677 | D:12     | Found a runed translucent gate.
 19677 | D:12     | Found a runed translucent gate.
 19677 | D:12     | Found a runed translucent gate.
 19679 | D:12     | Noticed Ummyemn's ghost (journeyman DrCj)
 19745 | D:13     | Noticed Sonja
 19745 | D:13     | Noticed a centaur warrior
 19912 | D:13     | Killed a centaur warrior
 19919 | D:13     | Killed Sonja
 20164 | D:13     | Got a dazzling cloak
 20175 | D:13     | Identified the +0 cloak of the Tundras {rC+ rCorr Int-3
                  | SInv} (You found it on level 13 of the Dungeon)
 20912 | D:13     | Found Requt's Book Boutique.
 21008 | D:13     | Noticed a tengu warrior
 21021 | D:13     | Killed a tengu warrior
 21122 | D:13     | Noticed a two-headed ogre
 21129 | D:13     | Killed a two-headed ogre
 21366 | D:13     | Reached skill level 10 in Armour
 21496 | D:14     | Noticed Jorgrun
 21519 | D:14     | Found a frozen archway.
 21574 | D:14     | Killed Jorgrun
 21574 | D:14     | Reached XP level 13. HP: 28/107 MP: 0/18
 21893 | IceCv    | Entered an ice cave
 22026 | IceCv    | Reached skill level 1 in Shields
 22382 | IceCv    | Reached skill level 5 in Slings
 22812 | D:14     | Found a gate to the Vaults.
 23201 | Lair:1   | Entered Level 1 of the Lair of Beasts
 24676 | Lair:2   | Reached skill level 5 in Shields
 25320 | Lair:2   | Received a gift from Trog
 26042 | Lair:3   | Found a staircase to the Shoals.
 27015 | Lair:3   | Found a staircase to the Snake Pit.
 27418 | Lair:4   | Reached XP level 14. HP: 112/119 MP: 18/20
 27725 | Lair:4   | Reached skill level 10 in Evocations
 30201 | Lair:5   | Reached skill level 15 in Fighting
 30350 | Lair:5   | Got a pair of faintly glowing gloves
 30351 | Lair:5   | Identified the +1 pair of gloves of Enelona {Int+2} (You
                  | found it on level 5 of the Lair of Beasts)
 30976 | Orc:1    | Entered Level 1 of the Orcish Mines
 31763 | Orc:2    | Entered Level 2 of the Orcish Mines
 32430 | Orc:2    | Received a gift from Trog
 32547 | Orc:2    | Found Cukig's Distillery.
 32547 | Orc:2    | Found Ugacecvuawn's Food Boutique.
 32568 | Orc:2    | Bought a potion of heal wounds for 80 gold pieces
 33027 | Orc:2    | Reached skill level 10 in Shields
 33214 | Orc:2    | Found a roughly hewn altar of Beogh.
 33224 | Orc:2    | Received a gift from Trog
 33242 | Orc:2    | Found Ydghunen's Book Emporium.
 33242 | Orc:2    | Found Hisituukh's Food Boutique.
 33382 | Orc:2    | Found a staircase to the Elven Halls.
 33518 | Orc:2    | Found Icloreid's Distillery.
 33696 | Orc:2    | Bought a potion of haste for 160 gold pieces
 33696 | Orc:2    | Bought 2 potions of heal wounds for 160 gold pieces
 33696 | Orc:2    | Bought a potion of brilliance for 64 gold pieces
 34211 | Snake:1  | Entered Level 1 of the Snake Pit
 35285 | Snake:1  | Noticed Agnes
 35292 | Snake:1  | Killed Agnes
 35824 | Snake:1  | Reached XP level 15. HP: 129/129 MP: 21/21
 35849 | Snake:1  | Found a gateway to a bazaar.
 35863 | Bazaar   | Entered a bazaar
 35868 | Bazaar   | Found Valoa's Antique Armour Emporium.
 35887 | Bazaar   | Found Xidarax's Assorted Antiques.
 35893 | Bazaar   | Found Tuozaged's Book Boutique.
 35908 | Bazaar   | Found Vuzaz's Antique Weapon Emporium.
 35941 | Bazaar   | Bought a glowing moonstone ring for 190 gold pieces
 35941 | Bazaar   | Bought a scroll of teleportation for 114 gold pieces
 35941 | Bazaar   | Bought a scroll of identify for 76 gold pieces
 36089 | Snake:2  | Noticed Louise
 36115 | Snake:2  | Killed Louise
 36192 | Snake:2  | Found a runed translucent door.
 37743 | Snake:3  | Noticed a nagaraja
 38062 | D:12     | Killed Ummyemn's ghost
 38153 | D:10     | Killed Goronwuk's ghost
 38160 | D:10     | Killed Vegisi's ghost
 38180 | D:10     | Killed Goronwuk's ghost
 38203 | D:11     | Killed Osafy's ghost
 38415 | D:10     | Killed Etahadwe's ghost
 39011 | D:14     | Paralysed by a floating eye for 3 turns
 39247 | D:14     | Upgraded the game from 0.25-a0-1119-g28b6fd0c3b to
                  | 0.25-a0-1126-g5fd7b56c60
 39523 | D:14     | Found a blossoming altar of Fedhas.
 39577 | D:15     | Entered Level 15 of the Dungeon
 39669 | D:15     | Identified Roxanne's Papyrus of Moulding
 39669 | D:15     | Noticed Roxanne
 40125 | D:15     | Killed Roxanne
 40529 | D:15     | Reached XP level 16. HP: 140/140 MP: 22/22
 40689 | D:15     | Noticed Kirke
 40714 | D:15     | Killed Kirke
 40785 | D:15     | Received a gift from Trog
 41057 | D:15     | Found a staircase to the Depths.
 41104 | Depths:1 | Entered Level 1 of the Depths
 41104 | Depths:1 | Found a one-way gate to the infinite horrors of the Abyss.
 41502 | Shoals:1 | Entered Level 1 of the Shoals
 41732 | Shoals:1 | Got a heavily runed leather armour
 41743 | Shoals:1 | Identified the +3 leather armour "Jaism" {rElec rPois Int+4
                  | Slay-2} (You found it on level 1 of the Shoals)
 41757 | Shoals:2 | Found Jithralli's Antique Weapon Boutique.
 41774 | Shoals:2 | Bought a runed morningstar for 252 gold pieces
 41802 | Shoals:2 | Noticed Nikola
 41832 | Shoals:2 | Noticed Ilsuiw
 41913 | Shoals:2 | Killed Ilsuiw
 41927 | Shoals:2 | HP: 3/141 [Nikola/zap (9)]
 42496 | Lair:6   | Entered Level 6 of the Lair of Beasts
 42653 | Lair:6   | Got a faintly glowing chain mail
 42674 | Lair:6   | Identified the +8 chain mail "Sapnio" {MR+ Regen+} (You
                  | found it on level 6 of the Lair of Beasts)
 42828 | Lair:6   | Found a runed translucent door.
 42828 | Lair:6   | Noticed larifari's ghost (journeyman SpAs)
 42893 | Lair:6   | Killed larifari's ghost
 43304 | Lair:6   | Got a bound amber ring
 43306 | Lair:6   | Identified the ring "Inuedot" {rElec rPois rF- Str+9
                  | Stlth+} (You found it on level 6 of the Lair of Beasts)
 43641 | Lair:6   | Reached skill level 15 in Shields
 43755 | Lair:6   | Found a viscous altar of Jiyva.
 43755 | Lair:6   | Found a staircase to the Slime Pits.
 43831 | Lair:6   | Received a gift from Trog
 45369 | Snake:4  | Entered Level 4 of the Snake Pit
 45469 | Snake:4  | Reached skill level 10 in Dodging
 45522 | Snake:4  | Found Woogail's Armour Boutique.
 45540 | Snake:4  | Found Gock's Assorted Antiques.
 45547 | Snake:4  | Found Togak's Antique Armour Boutique.
 45549 | Snake:4  | Found Izuch's Weapon Boutique.
 45564 | Snake:4  | Bought a pair of runed boots for 165 gold pieces
 45666 | Snake:4  | Reached XP level 17. HP: 146/146 MP: 23/23
 46050 | Snake:4  | Received a gift from Trog
 46627 | Snake:4  | Reached skill level 10 in Slings
 47054 | Snake:4  | Reached ****** piety under Trog
 47373 | Snake:4  | Got a serpentine rune of Zot
 47697 | Shoals:1 | Received a gift from Trog
 47899 | Snake:4  | Bought a scroll of enchant armour for 240 gold pieces
 47899 | Snake:4  | Bought a scroll of identify for 64 gold pieces
 47899 | Snake:4  | Bought a potion of might for 128 gold pieces
 48420 | Shoals:1 | Noticed a kraken
 48452 | Shoals:1 | Killed a kraken
 48677 | Shoals:2 | Found Duoth's Food Shop.
 48754 | Shoals:2 | Killed Nikola
 49032 | Shoals:2 | Found Tiathur's Distillery.
 49480 | Shoals:2 | Noticed Polyphemus
 49490 | Shoals:2 | Killed Polyphemus
 49490 | Shoals:2 | Reached XP level 18. HP: 129/154 MP: 24/24
 49494 | Shoals:2 | Reached skill level 15 in Armour
 49762 | Shoals:2 | Received a gift from Trog
 49763 | Shoals:2 | Found Buefi's Gadget Shop.
 50258 | Shoals:4 | Entered Level 4 of the Shoals
 50429 | Shoals:4 | Noticed Donald
 50448 | Shoals:3 | Killed Donald
 51425 | Shoals:4 | Identified the ring of Wishful Thinking {MR+ MP+9}
 51797 | Shoals:4 | Found Zyosk's Assorted Antiques.
 51799 | Shoals:4 | Received a gift from Trog
 51814 | Shoals:4 | Bought a scroll of teleportation for 54 gold pieces
 51814 | Shoals:4 | Bought a scroll of magic mapping for 63 gold pieces
 51814 | Shoals:4 | Bought a potion of haste for 180 gold pieces
 51814 | Shoals:4 | Bought a scroll of teleportation for 54 gold pieces
 52633 | Shoals:4 | Got a barnacled rune of Zot
 54123 | Depths:1 | Received a gift from Trog
 54177 | Depths:1 | Reached XP level 19. HP: 150/164 MP: 26/26
 54458 | Depths:1 | Found a gateway to a ziggurat.
 54984 | Depths:1 | Got a polished fustibalus
 54985 | Depths:1 | Identified the cursed +2 fustibalus of Revolt {venom, rPois
                  | rF+ Int+5} (You found it on level 1 of the Depths)
 55103 | Depths:1 | Found a glowing golden altar of the Shining One.
 55134 | Depths:1 | Found a one-way gate leading to the halls of Pandemonium.
 55546 | Depths:1 | Found a gateway to Hell.
 55558 | Depths:1 | Upgraded the game from 0.25-a0-1126-g5fd7b56c60 to
                  | 0.25-a0-1133-g93ebf739aa
 57078 | Depths:2 | Identified the +7 great mace "Hiesotynk" {elec, Dex+4 SInv
                  | Stlth-}
 57126 | Depths:2 | Received a gift from Trog
 57491 | Depths:2 | Found a runed translucent door.
 57499 | Depths:2 | Noticed a caustic shrike
 57704 | Depths:2 | Noticed a caustic shrike
 57713 | Depths:2 | Killed a caustic shrike
 58022 | Depths:2 | Reached XP level 20. HP: 160/175 MP: 28/28
 58261 | Depths:2 | Identified the +2 whip of Excruciating Pain {vorpal, *Rage
                  | rElec rF++ Stlth+}
 58414 | Vaults:1 | Entered Level 1 of the Vaults
 58537 | Vaults:1 | Found Motiec's Antique Armour Emporium.
 58571 | Vaults:1 | Found Kiasijad's Magic Scroll Shop.
 58590 | Vaults:1 | Bought a scroll of holy word for 105 gold pieces
 58988 | Vaults:1 | Reached skill level 1 in Throwing
 58996 | Vaults:1 | Received a gift from Trog
 59592 | Vaults:1 | Found Foblec's Armour Shoppe.
 59642 | Vaults:1 | Received a gift from Trog
 60038 | Vaults:1 | Found Muusi's Assorted Antiques.
 60045 | Vaults:1 | Found Araofang's Weapon Emporium.
 60052 | Vaults:1 | Bought a potion of heal wounds for 190 gold pieces
 60686 | Vaults:2 | Reached skill level 5 in Throwing
 60907 | Vaults:2 | Found a staircase to the Crypt.
 60965 | Vaults:2 | Received a gift from Trog
 61876 | Vaults:2 | Found Sauw's Weapon Shoppe.
 62824 | Vaults:3 | Reached XP level 21. HP: 160/183 MP: 30/30
 63065 | Vaults:3 | Received a gift from Trog
 63792 | Vaults:3 | Found a runed translucent gate.
 63792 | Vaults:3 | Found a runed translucent gate.
 63792 | Vaults:3 | Noticed an ancient lich
 63793 | Vaults:3 | Found a runed translucent gate.
 63793 | Vaults:3 | Found an ancient bone altar of Kikubaaqudgha.
 63793 | Vaults:3 | Noticed Neudybaa's ghost (adept HuFi)
 63793 | Vaults:3 | Noticed Neudybaa's ghost (adept HuFi)
 63930 | Vaults:3 | Reached skill level 15 in Slings
 64420 | Vaults:4 | Received a gift from Trog
 65439 | Vaults:4 | Found Udiut's Jewellery Boutique.
 65668 | Vaults:4 | Found Awyson's General Store.
 65688 | Vaults:4 | Bought a potion of curing for 45 gold pieces
 66280 | Vaults:4 | Received a gift from Trog
 67058 | Elf:1    | Entered Level 1 of the Elven Halls
 67156 | Elf:1    | You fall into a shaft and drop 1 floor!
 67156 | Elf:2    | Found a runed translucent door.
 67202 | Elf:2    | Reached XP level 22. HP: 191/193 MP: 31/31
 67399 | Elf:1    | Noticed Frances
 67411 | Elf:1    | Killed Frances
 67692 | Elf:1    | Received a gift from Trog
 68461 | Elf:2    | Found a runed translucent door.
 69130 | Elf:2    | Received a gift from Trog
 69429 | Elf:3    | Entered Level 3 of the Elven Halls
 69442 | Elf:3    | Noticed Asterion
 69457 | Elf:3    | Killed Asterion
 69706 | Elf:3    | Found Ifyunep's Food Boutique.
 70025 | Elf:3    | Received a gift from Trog
 70189 | Elf:3    | Identified the +8 rapier of Qaenadus {vorpal, rElec Dex+7}
 70845 | Elf:3    | Found the +1 cloak of Starlight {rElec rC+ EV+4 Stlth--}
 70876 | Elf:3    | Got a smelly plate armour
 70877 | Elf:3    | Identified the +1 plate armour "Fyemaky" {Int+2} (You found
                  | it on level 3 of the Elven Halls)
 71346 | Elf:3    | Reached XP level 23. HP: 204/204 MP: 32/32
 71501 | Elf:3    | Received a gift from Trog
 71528 | Elf:3    | Identified the ring of Patience {Str+2 Int+2 Slay+4}
 72388 | Depths:2 | Identified the +3 chain mail of the Cricket {Str+7}
 72463 | Depths:2 | Killed a caustic shrike
 72504 | Depths:2 | Identified the +11 rapier "Leviticus" {venom, +Inv rC+ MP+9
                  | Int+4}
 72557 | Depths:2 | Reached skill level 10 in Throwing
 73359 | Depths:2 | Identified the +8 kite shield of Day {*Slow rPois Regen+
                  | Dex+6} (You found it on level 2 of the Depths)
 74222 | Depths:3 | Found a transporter.
 74234 | Depths:3 | Noticed Boris
 74623 | Depths:3 | Noticed an ancient lich
 74752 | Depths:3 | Found Urusonnu's Magic Scroll Shop.
 74774 | Depths:3 | Bought a scroll of magic mapping for 73 gold pieces
 74774 | Depths:3 | Bought a scroll of magic mapping for 73 gold pieces
 75163 | Depths:3 | Found a shimmering blue altar of Sif Muna.
 75280 | Depths:3 | Received a gift from Trog
 75963 | Depths:4 | Found the +9 sword of Zonguldrok {reap}
 75968 | Depths:4 | Gained mutation: Potions are less effective at restoring
                  | your health. [a shining eye]
 76660 | Depths:4 | Reached XP level 24. HP: 186/216 MP: 32/32
 76797 | Depths:4 | Received a gift from Trog
 76803 | Depths:4 | Found an iron altar of Okawaru.
 77214 | Depths:5 | Entered Level 5 of the Depths
 77923 | Depths:5 | Received a gift from Trog
 77926 | Depths:5 | Got a crystal mace {god gift}
 77927 | Depths:5 | Identified the +10 mace of Trog's Castigation {vorpal,
                  | Fragile Str+2 Int+5} (Trog gifted it to you on level 5 of
                  | the Depths)
 77936 | Depths:5 | Found a gate to the Realm of Zot.
 77975 | Depths:5 | Noticed a juggernaut
 77988 | Depths:5 | Killed a juggernaut
 78266 | Depths:5 | Found a sparkling altar of Nemelex Xobeh.
 78354 | Depths:5 | Noticed Mennas
 78364 | Depths:5 | Killed Mennas
 78423 | Depths:5 | Noticed an ancient lich
 79222 | Depths:5 | Killed an ancient lich
 79398 | Depths:5 | Identified Haty's Volume of Black Secrets
 79769 | Vaults:5 | Entered Level 5 of the Vaults
 79833 | Vaults:4 | Received a gift from Trog
 79888 | Vaults:4 | Reached XP level 25. HP: 183/227 MP: 32/32
 80137 | Vaults:5 | Identified the +11 great sword of Integrity {flame, +Blink
                  | MP+9}
 80889 | Vaults:4 | Reached skill level 27 in Fighting
 81545 | Vaults:5 | Received a gift from Trog
 81751 | Vaults:5 | Noticed Sojobo
 82434 | Vaults:5 | Identified Yfyrch's Guide on Self-Knowledge and the
                  | Arsonist
 82450 | Vaults:5 | Got a silver rune of Zot
 82594 | Vaults:5 | Identified the ring "Suseudiev" {Ice rElec rPois Dex+4
                  | Stlth-}
 82602 | Vaults:5 | Killed Sojobo
 82801 | Vaults:5 | Identified a scroll of acquirement
 82865 | Vaults:5 | Identified the +2 plate armour of Coronation {+Fly rC-
                  | Slay+6 Stlth+} (You found it on level 5 of the Vaults)
 83224 | Vaults:5 | Found the +5 demon whip "Spellbinder" {antimagic, MR+}
 83962 | Lair:1   | Got the amulet "Unysk" {Acrobat rPois rC++ MR++}
 84306 | Crypt:1  | Entered Level 1 of the Crypt
 84751 | Crypt:1  | Noticed Bai Suzhen
 84780 | Crypt:1  | Killed Bai Suzhen
 85168 | Crypt:1  | Found a shimmering altar of Xom.
 85616 | Crypt:1  | Noticed Margery
 86070 | Crypt:1  | Reached XP level 26. HP: 239/239 MP: 10/32
 86117 | Crypt:1  | Killed Margery
 86271 | Crypt:2  | Found a magical portal.
 87095 | WizLab   | Found the +9 staff of Wucad Mu {channel}
 87238 | WizLab   | Reached XP level 27. HP: 245/245 MP: 10/32
 87935 | Crypt:3  | Entered Level 3 of the Crypt
 87983 | Crypt:3  | Found a runed translucent gate.
 88119 | Crypt:3  | Found a runed translucent gate.
 88120 | Crypt:3  | Found a runed translucent gate.
 88121 | Crypt:3  | Found an opulent altar of Gozag.
 88197 | Crypt:3  | Noticed Xtahua
 88214 | Crypt:3  | Killed Xtahua
 88326 | Crypt:3  | Received a gift from Trog
 88851 | Crypt:3  | Found a staircase to the Tomb.
 89054 | Crypt:3  | Identified the amulet of Kymn {RegenMP Str+2 Stlth+}
 89340 | Crypt:3  | Gained mutation: You tend to lose your temper in combat. [a
                  | neqoxec]
 89363 | Crypt:3  | Gained mutation: You are clumsy. (Dex -2) [a neqoxec]
 89366 | Crypt:3  | Gained mutation: You are very frail. (-20% HP) [a neqoxec]
 89373 | Crypt:3  | Gained mutation: Your spells are a little easier to cast,
                  | but a little less powerful. [a neqoxec]
 89375 | Crypt:3  | Gained mutation: Your body sometimes deteriorates upon
                  | taking damage. [a neqoxec]
 89794 | Crypt:2  | Lost mutation: You tend to lose your temper in combat.
                  | [potion of mutation]
 89794 | Crypt:2  | Lost mutation: You are clumsy. (Dex -2) [potion of
                  | mutation]
 89794 | Crypt:2  | Lost mutation: You are very frail. (-20% HP) [potion of
                  | mutation]
 89794 | Crypt:2  | Lost mutation: You are frail. (-10% HP) [potion of
                  | mutation]
 89794 | Crypt:2  | Lost mutation: Potions are less effective at restoring your
                  | health. [potion of mutation]
 89794 | Crypt:2  | Gained mutation: You have supernaturally acute eyesight.
                  | (SInv) [potion of mutation]
 89853 | Crypt:2  | Lost mutation: Your body sometimes deteriorates upon taking
                  | damage. [potion of mutation]
 89853 | Crypt:2  | Lost mutation: Your spells are a little easier to cast, but
                  | a little less powerful. [potion of mutation]
 89853 | Crypt:2  | Gained mutation: You are agile. (Dex +2) [potion of
                  | mutation]
 89853 | Crypt:2  | Gained mutation: Your magical capacity is low. (-10% MP)
                  | [potion of mutation]
 89853 | Crypt:2  | Gained mutation: You are partially covered in large bone
                  | plates. (SH +4) [potion of mutation]
 90005 | Vaults:1 | Bought a pair of embroidered boots for 255 gold pieces
 90005 | Vaults:1 | Identified a +0 pair of boots of running (You bought it in
                  | a shop on level 1 of the Vaults)
 90041 | Vaults:1 | Bought a scroll of teleportation for 42 gold pieces
 90041 | Vaults:1 | Bought a scroll of teleportation for 42 gold pieces
 90041 | Vaults:1 | Bought 2 scrolls of fog for 56 gold pieces
 90041 | Vaults:1 | Bought a scroll of identify for 28 gold pieces
 90041 | Vaults:1 | Bought a scroll of summoning for 133 gold pieces
 90242 | Zot:1    | Entered Level 1 of the Realm of Zot
 92219 | Zot:2    | Got the amulet "Neuttut" {Acrobat rPois rF+ rN+}
 92790 | Zot:3    | Noticed a juggernaut
 92790 | Zot:3    | a Killer Klown changed into a juggernaut
 92800 | Zot:3    | Killed a juggernaut
 94901 | Shoals:2 | Bought a potion of invisibility for 120 gold pieces
 94901 | Shoals:2 | Bought a potion of cancellation for 120 gold pieces
 94901 | Shoals:2 | Bought a potion of haste for 150 gold pieces
 95141 | Orc:2    | Bought a potion of invisibility for 128 gold pieces
 95141 | Orc:2    | Bought a potion of cancellation for 128 gold pieces
 95141 | Orc:2    | Bought a potion of resistance for 160 gold pieces
 95141 | Orc:2    | Bought a potion of might for 64 gold pieces
 95141 | Orc:2    | Bought a potion of haste for 160 gold pieces
 95752 | D:9      | Lost mutation: You are agile. (Dex +2) [a neqoxec]
 96283 | Depths:3 | Killed an ancient lich
 96295 | Depths:3 | Killed Boris
 96366 | Depths:3 | Received a gift from Trog
 96382 | Depths:3 | Identified the Incunabulum of Idealism
 96412 | Depths:3 | Found a transporter.
 97611 | Zot:3    | Reached skill level 27 in Maces & Flails
 99434 | Zot:3    | Received a gift from Trog
 99653 | Zot:3    | Noticed an orb of fire
 99659 | Zot:3    | Gained mutation: You are clumsy. (Dex -2) [an orb of fire]
 99887 | Zot:3    | Lost mutation: You have supernaturally acute eyesight.
                  | (SInv) [an orb of fire]
 99889 | Zot:3    | Gained mutation: Your body sometimes deteriorates upon
                  | taking damage. [an orb of fire]
 99896 | Zot:3    | Killed an orb of fire
 99897 | Zot:3    | Lost mutation: Your body sometimes deteriorates upon taking
                  | damage. [potion of mutation]
 99897 | Zot:3    | Lost mutation: You are clumsy. (Dex -2) [potion of
                  | mutation]
 99897 | Zot:3    | Gained mutation: Your muscles are strong. (Str +2) [potion
                  | of mutation]
 99897 | Zot:3    | Gained mutation: Your natural rate of healing is unusually
                  | fast. [potion of mutation]
 99972 | Zot:3    | Identified the +1 pair of gloves of the Grue {*Contam rF-
                  | rC+ rN++} (You found it on level 3 of the Realm of Zot)
101027 | Zot:4    | Identified the +8 chain mail of Pugea {rElec MR+ Int-3}
                  | (You found it on level 4 of the Realm of Zot)
103674 | Zot:5    | Entered Level 5 of the Realm of Zot
103717 | Zot:5    | Reached skill level 27 in Armour
104355 | Zot:5    | Noticed an ancient lich
104456 | Zot:5    | Reached skill level 15 in Dodging
104473 | Zot:5    | Killed an ancient lich
104535 | Zot:5    | Noticed an orb of fire
104541 | Zot:5    | Gained mutation: You occasionally shout uncontrollably at
                  | your foes. [an orb of fire]
104555 | Zot:5    | Killed an orb of fire
104596 | Zot:5    | Noticed an ancient lich
104617 | Zot:5    | Killed an ancient lich
104669 | Zot:5    | Noticed an orb of fire
104677 | Zot:5    | Noticed an ancient lich
104677 | Zot:5    | Noticed an ancient lich
104687 | Zot:5    | Killed an orb of fire
104689 | Zot:5    | Noticed an ancient lich
104689 | Zot:5    | Noticed an orb of fire
104689 | Zot:5    | Noticed an ancient lich
104689 | Zot:5    | Noticed an ancient lich
104728 | Zot:5    | Noticed an ancient lich
104734 | Zot:5    | HP: 12/273 [electric golem/bolt of lightning (6)]
104753 | Zot:5    | Blown up by an ancient lich

Illustrated notes

Levels and vault maps discovered:
D:1:      lemuel_arrival_broad_hall, layout_loops_ring
D:2:      kb_forest_paths, layout_rooms, uniq_natasha
D:3:      layout_loops_corners
D:4:      layout_basic, first_ration, lightli_ossuary_entry_decrepit_ruins,
          lemuel_altar_in_water, uniq_menkaure
D:5:      layout_layer_cave, overflow_temple_1_default,
          minmay_temple_entry_poolview, gup_sewer_entry_spiral
D:6:      minmay_bubble_buster, layout_basic, uniq_edmund
D:7:      layout_basic, chequers_serial_rivers_small_a, uniq_prince_ribbit1
D:8:      layout_basic, grunt_lair_entry_orc_guard_hut
D:9:      minmay_opposing_rooms, layout_basic, basic_altar, david_nohive_1,
          minmay_statue_bubble
D:10:     layout_irregular_city, orc_0_dummy, gammafunk_ghost_cemetery
D:11:     layout_cross
D:12:     layout_cave_pools, serial_column_ruins,
          column_ruins_corridor_straight, column_ruins_open_tiny,
          column_ruins_open_small, column_ruins_corridor_straight,
          column_ruins_grid_1, basic_altar, gammafunk_ghost_spectres
D:13:     layout_loops_cross, serial_shops, kennysheep_mini_moat, uniq_sonja
D:14:     layout_loops_cross, erik_vaults_2, portal_ice_cave_entry_ice_beasts,
          minivault_19, hangedman_tree_tricks, disabler_island, uniq_jorgrun
D:15:     grunt_enter_depths_snipers, layout_basic, minmay_misc_feat_roman,
          lemuel_flamethrower_hall, uniq_kirke, uniq_roxanne
Temple:   nicolae_temple_the_god_donut
Lair:1:   layout_hall_layers
Lair:2:   lemuel_reptile_caves, layout_loops_ring,
          chequers_serial_rivers_micro_d, pond, infiniplex_staircase_pool
Lair:3:   layout_regular_city, shoals_dummy_entry,
          minmay_snake_entry_guardpost_small, grunt_megastairs_2,
          lemuel_fruit_tree
Lair:4:   layout_cave_pods
Lair:5:   layout_roguey, lemuel_fruit_fields
Lair:6:   hangedman_lair_in_review, layout_regular_city, slime_altar_1,
          gammafunk_ghost_grave, serial_rivers, chequers_serial_rivers_room_b,
          chequers_serial_rivers_room_a, chequers_serial_rivers_room_b,
          chequers_serial_rivers_small_a
Shoals:1: layout_shoals
Shoals:2: layout_shoals, serial_shops, nicolae_shop_crystal, shop, shop, shop,
          hangedman_shoals_cup_caves, uniq_ilsuiw, uniq_nikola, uniq_polyphemus
Shoals:3: layout_shoals, nicolae_shoals_hunting_party
Shoals:4: shoals_end_hangedman, layout_shoals, serial_shops, shop,
          nicolae_shoals_kraken_party, uniq_donald
Snake:1:  layout_honeycomb, serial_shops, statue_bzr, statue_in_the_mist_lemuel,
          uniq_agnes
Snake:2:  cheibrodos_toxic_ritual, layout_grid_maze, uniq_louise
Snake:3:  layout_cave_pods
Snake:4:  minmay_snake_end_coiled, layout_cave_town, minmay_shop_grid_forest,
          serial_bayou_shore_b
Orc:1:    layout_caves
Orc:2:    st_orc_town, layout_diamond_mine, serial_shops, nicolae_shop_trees
Elf:1:    minmay_elf_arrival_circle, layout_geoelf_grid,
          minmay_elf_crystal_hexagon, small_statue_intersection, uniq_frances
Elf:2:    layout_geoelf_octagon, minivault_24
Elf:3:    grunt_elf_hall_branching, layout_geoelf_octagon, serial_shops, shop,
          uniq_asterion
Vaults:1: v_misc_1, v_pattern_3, vaults_dpeg_hooks, nicolae_vaults_alarming,
          nicolae_vaults_specimen_jars, vaults_mumra_hexcomb,
          vaults_room_octagon, ontoclasm_vaults_eye, vaults_room_semicircle,
          v_rooms_4, ontoclasm_vaults_pinch, nicolae_vaults_ring_of_whatevers,
          nicolae_vaults_ring_of_whatevers, layout_vaults_maze_snakey,
          serial_shops, nicolae_shop_stone, shop, shop, shop, shop
Vaults:2: minmay_crypt_entry_simple_box, ontoclasm_vaults_twist,
          nicolae_vaults_an_arrangement, nicolae_vaults_gold_heap,
          dpeg_vaults_monster_row, vaults_room_ringed_pool, v_rooms_4,
          nicolae_vaults_theta, v_misc_4, nicolae_vaults_angled_halls,
          ontoclasm_vaults_spin, layout_vaults_omnicross, serial_shops,
          shop_statue
Vaults:3: gammafunk_vaults_ghost_crypt, nicolae_vaults_octagons,
          nicolae_vaults_little_squares_6, nicolae_vaults_ninety_degrees,
          v_misc_29, vaults_room_pool, v_misc_25, v_pattern_1,
          nicolae_vaults_network_barrier, vaults_mumra_minichess_inversion,
          layout_vaults_big_room
Vaults:4: grunt_vaults_trifunnel, nicolae_vaults_rhombus_5, v_alt_pattern_3,
          vaults_room_door_ring, hangedman_vaults_capsules, st_smaller_cells,
          v_misc_26, layout_vaults_omnigrid, serial_shops, nicolae_shop_crystal,
          nicolae_shop_behind_doors
Vaults:5: uniq_sojobo
Crypt:1:  due_chaos_kobolds, layout_chaotic_city, corexii_hall_statues_i,
          uniq_margery, uniq_bai_suzhen
Crypt:2:  layout_rooms, infiniplex_enter_wizlab_glasses, fountainhead,
          grunt_megastairs_3
Crypt:3:  due_elkab, layout_chaotic_city, ebering_ghost_gozag,
          due_unseen_surprise, uniq_xtahua
Depths:1: layout_twisted_cross, enter_ziggurat_c, abyss_entry,
          nicolae_twisting_strands, grunt_hell_entry_dis_old,
          rand_demon_pan_entry_8, st_stairs_8, minmay_splitting_lines, tso_altar
Depths:2: box_level_dp, hell_entry, abyss_entry
Depths:3: gammafunk_sealed_library, layout_basic, minmay_fountain_box,
          hell_entry, abyss_entry, serial_shops, nicolae_shop_window_shopping,
          rand_demon_pan_entry_9, minmay_tree_intersection, uniq_boris
Depths:4: evilmike_iron_armoury, layout_gridlike, abyss_entry,
          corexii_corridor_pit, grunt_hell_entry_demonic_statue,
          kennysheep_generic_room_15, infiniplex_staircase_pool_2,
          serial_bayou_shore_b, serial_bayou_shore_a
Depths:5: grunt_x_marks_the_spot, layout_gridlike, hell_entry, special_room
          [special_room_morgue], nemelex_xobeh_ov_fountains_minmay, uniq_mennas
Zot:1:    layout_gridlike
Zot:2:    layout_twisted_circle
Zot:3:    lemuel_firehouse, layout_onion_interference
Zot:4:    grunt_zot_stairs_faceoff, layout_onion
Zot:5:    layout_cathedral_of_symmetry

Skill      XL: |  1  2  3  4  5  6  7  8  9 10 11 12 13 14 15 16 17 18 19 20 21 22 23 24 25 26 27 |
---------------+----------------------------------------------------------------------------------+-----
Fighting       | 4 6 8 11 12 14 16 17 18 19 20 21 22 23 24 26 27 | 27.0
Maces & Flails | 4 5 6 7 8 10 13 14 16 18 19 20 22 24 27 | 27.0
Dodging        | 3 4 7 8 10 15 | 15.9
Armour         | 4 7 10 13 14 15 18 20 21 27 | 27.0
Evocations     | 2 6 8 9 10 11 13 14 | 14.0
Slings         | 4 5 8 12 13 14 15 17 | 17.1
Shields        | 7 10 13 15 16 17 18 19 21 | 21.3
Throwing       | 6 7 12 | 12.8

Action                   |  1- 3 |  4- 6 |  7- 9 | 10-12 | 13-15 | 16-18 | 19-21 | 22-24 | 25-27 || total
-------------------------+-------+-------+-------+-------+-------+-------+-------+-------+-------++-------
Melee: Mace              |    67 |   148 |       |       |       |       |       |       |       ||   215
       Headbutt          |    10 |    26 |    60 |   137 |   408 |   397 |   334 |   379 |   845 ||  2596
       Flail             |       |    17 |   395 |   385 |   939 |       |       |       |       ||  1736
       Dire flail        |       |       |       |   312 |    19 |       |       |       |       ||   331
       Demon whip        |       |       |       |       |   829 |   589 |     4 |       |  1696 ||  3118
       Eveningstar       |       |       |       |       |       |   807 |  1134 |  1324 |   613 ||  3878
       Morningstar       |       |       |       |       |       |       |       |       |    69 ||    69
 Fire: Hunting sling     |       |       |       |       |    11 |       |       |       |       ||    11
       Fustibalus        |       |       |       |       |       |       |    91 |   117 |   143 ||   351
Throw: Stone             |     9 |       |       |       |       |       |       |       |       ||     9
       Dart              |       |       |       |     5 |    35 |    72 |     4 |       |       ||   116
       Javelin           |       |       |       |       |       |       |    72 |   174 |    76 ||   322
Invok: Trog's Hand       |     1 |     3 |     2 |     6 |     4 |     3 |     5 |     3 |    10 ||    37
       Brothers in Arms  |       |       |       |     6 |     6 |     8 |    18 |    19 |    22 ||    79
       Berserk           |       |       |       |       |     1 |       |       |       |       ||     1
Evoke: Wand              |       |       |       |       |    28 |     3 |     2 |       |    12 ||    45
       Tin of tremorston |       |       |       |       |       |       |       |       |     1 ||     1
  Use: Scroll            |       |     1 |    11 |    14 |    15 |    16 |     9 |    14 |    36 ||   116
       Potion            |       |       |       |     5 |     2 |     5 |     3 |     4 |    18 ||    37
 Stab: Distracted        |       |       |       |     1 |     1 |       |     2 |     1 |     6 ||    11
       Confused          |       |       |       |       |     2 |       |       |       |       ||     2
  Eat: Ration            |     1 |       |     6 |     9 |    12 |     7 |     8 |     7 |    22 ||    72
       Chunk             |       |     7 |     3 |    15 |    25 |    24 |    24 |    25 |    13 ||   136
Armor: Animal skin       |    27 |    21 |       |       |       |       |       |       |       ||    48
       Ring mail         |       |    48 |    58 |   189 |   263 |       |       |       |       ||   558
       Chain mail        |       |       |   158 |   105 |   151 |   405 |   264 |   343 |   637 ||  2063
Dodge: Dodged            |    41 |    98 |   183 |   365 |   473 |   412 |   280 |   319 |   592 ||  2763
Block: Kite shield       |       |       |       |       |  1017 |  1425 |  1053 |  1271 |  2139 ||  6905
       Reflection        |       |       |       |       |       |   150 |   235 |   135 |    85 ||   605

Table legend:
 A = Non-vault XP
 B = Vault XP
 C = Vault XP percentage of total XP
 D = Non-vault monster count
 E = Vault monster count
 F = Vault count percentage of total count
                 A         B        C        D         E       F
            +---------+---------+-------+---------+---------+-------
      Total | 1038106 |  765850 |  42.5 |    1762 |     971 |  35.5
            +---------+---------+-------+---------+---------+-------
        D:1 |      25 |       0 |   0.0 |      16 |       0 |   0.0
        D:2 |     152 |      80 |  34.5 |      32 |       7 |  17.9
        D:3 |     219 |       0 |   0.0 |      31 |       0 |   0.0
        D:4 |     364 |     169 |  31.7 |      16 |       1 |   5.9
        D:5 |     743 |      28 |   3.6 |      21 |       5 |  19.2
        D:6 |    1028 |     433 |  29.6 |      23 |       6 |  20.7
        D:7 |    1454 |     283 |  16.3 |      29 |       1 |   3.3
        D:8 |    1014 |     566 |  35.8 |      19 |       5 |  20.8
        D:9 |    3816 |    3355 |  46.8 |      33 |      25 |  43.1
       D:10 |    6406 |    3362 |  34.4 |      46 |       4 |   8.0
       D:11 |    6066 |     879 |  12.7 |      40 |       1 |   2.4
       D:12 |    5843 |    2040 |  25.9 |      30 |       6 |  16.7
       D:13 |    6216 |    1854 |  23.0 |      23 |       2 |   8.0
       D:14 |   10130 |   12356 |  54.9 |      32 |      22 |  40.7
       D:15 |   21397 |    7209 |  25.2 |      40 |       9 |  18.4
     Lair:1 |    2872 |       0 |   0.0 |      13 |       0 |   0.0
     Lair:2 |    4701 |    2868 |  37.9 |      24 |      33 |  57.9
     Lair:3 |    6848 |     505 |   6.9 |      18 |       3 |  14.3
     Lair:4 |    8959 |       0 |   0.0 |      31 |       0 |   0.0
     Lair:5 |    2949 |       0 |   0.0 |      15 |       0 |   0.0
     Lair:6 |   13612 |    9577 |  41.3 |      38 |      19 |  33.3
   Shoals:1 |   11127 |       0 |   0.0 |      21 |       0 |   0.0
   Shoals:2 |    8945 |   21469 |  70.6 |      17 |      25 |  59.5
   Shoals:3 |    5012 |    1904 |  27.5 |      12 |       1 |   7.7
   Shoals:4 |   22929 |   24164 |  51.3 |      47 |      36 |  43.4
    Snake:1 |   10731 |    2034 |  15.9 |      19 |       2 |   9.5
    Snake:2 |   14663 |    8233 |  36.0 |      27 |      13 |  32.5
    Snake:3 |   18770 |       0 |   0.0 |      29 |       0 |   0.0
    Snake:4 |   26788 |   24814 |  48.1 |      51 |      43 |  45.7
      Orc:1 |    2703 |     704 |  20.7 |      19 |       2 |   9.5
      Orc:2 |    3251 |    6970 |  68.2 |      39 |      60 |  60.6
      Elf:1 |   21010 |    8613 |  29.1 |      32 |      13 |  28.9
      Elf:2 |   21556 |   23449 |  52.1 |      35 |      29 |  45.3
      Elf:3 |   36816 |   45480 |  55.3 |      58 |      30 |  34.1
   Vaults:1 |   37709 |   13049 |  25.7 |      80 |      23 |  22.3
   Vaults:2 |   31932 |   21866 |  40.6 |      50 |      29 |  36.7
   Vaults:3 |   30484 |   17314 |  36.2 |      39 |      31 |  44.3
   Vaults:4 |   57866 |   86781 |  60.0 |      79 |      72 |  47.7
   Vaults:5 |   20374 |   65908 |  76.4 |      28 |      42 |  60.0
    Crypt:1 |   17671 |   12990 |  42.4 |      25 |      15 |  37.5
    Crypt:2 |   20844 |    1804 |   8.0 |      37 |       2 |   5.1
    Crypt:3 |   18104 |   19166 |  51.4 |      27 |      36 |  57.1
   Depths:1 |   49196 |    2915 |   5.6 |      62 |       7 |  10.1
   Depths:2 |   57723 |   62884 |  52.1 |      76 |      69 |  47.6
   Depths:3 |   28108 |   27557 |  49.5 |      30 |      22 |  42.3
   Depths:4 |   40043 |   37788 |  48.6 |      55 |      44 |  44.4
   Depths:5 |   48875 |   59899 |  55.1 |      49 |      42 |  46.2
      Zot:1 |   58983 |       0 |   0.0 |      30 |       0 |   0.0
      Zot:2 |   69797 |       0 |   0.0 |      37 |       0 |   0.0
      Zot:3 |   75301 |   24418 |  24.5 |      42 |      31 |  42.5
      Zot:4 |   35942 |   24492 |  40.5 |      19 |      13 |  40.6
      Zot:5 |   30039 |   66900 |  69.0 |      21 |      17 |  44.7
      Sewer |       0 |      34 | 100.0 |       0 |      21 | 100.0
    Ossuary |       0 |     537 | 100.0 |       0 |      31 | 100.0
      IceCv |       0 |    4978 | 100.0 |       0 |      20 | 100.0
     WizLab |       0 |    1172 | 100.0 |       0 |       1 | 100.0
            +---------+---------+-------+---------+---------+-------
